 Dungeon Crawl Stone Soup version 0.32-a0-814-g0968bab981 (webtiles) character file.

Game seed: 16720526982037361661

228 Orlauf the Trooper (level 5, -3/44 HPs)
             Began as a Demonspawn Gladiator on Mar 22, 2024.
             Slain by a gnoll bouda
             ... wielding a +0 whip
              (6 damage)
             ... on level 4 of the Dungeon.
             The game lasted 00:04:09 (2001 turns).

Orlauf the Trooper (Demonspawn Gladiator)           Turns: 2001, Time: 00:04:10

Health: -3/44      AC: 10    Str: 16    XL:     5   Next: 70%
Magic:  5/5        EV:  9    Int:  8    God:
Gold:   90         SH:  5    Dex: 18    Spells: 4/4 levels left

rFire   . . .        a - +0 war axe
rCold   . . .        (no shield)
rNeg    . . .        j - +3 scale mail
rPois   .            (helmet restricted)
rElec   .            n - +0 cloak "Pomotz" {Dex+3 SInv}
rCorr   .            (no gloves)
SInv    +            (no boots)
Will    .....        l - amulet of reflection Stlth
                     (no ring)
HPRegen 0.27/turn    (no ring)
MPRegen 0.09/turn

%: reflection
@: no status effects
A: antennae 2, powered by pain 1
a: no special abilities


You were on level 4 of the Dungeon.
You visited 1 branch of the dungeon, and saw 4 of its levels.

You collected 90 gold pieces.

Inventory:

Hand Weapons
 a - a +0 war axe (weapon)
 b - a +2 whip of electrocution
Missiles
 d - 2 throwing nets (quivered)
 e - a javelin
Armour
 j - a +3 scale mail (worn)
 n - the +0 cloak "Pomotz" (worn) {Dex+3 SInv}
   (You found it on level 4 of the Dungeon)

   Dex+3:     It affects your dexterity (+3).
   SInv:      It lets you see invisible.
Jewellery
 l - an amulet of reflection (around neck)
Wands
 m - a wand of charming (13)
Scrolls
 o - a scroll of enchant armour
Potions
 c - 2 potions of mutation
 f - a potion of lignification {unknown}
 g - a potion of attraction
 h - 2 potions of curing
 i - a potion of degeneration {unknown}
 k - a potion of brilliance {unknown}


   Skills:
 * Level 5.0 Fighting
 + Level 4.0 Axes
 - Level 1.7 Throwing
 - Level 2.6 Dodging


You had 4 spell levels left.
You didn't know any spells.
Your spell library contained the following spells:

 Spells                   Type           Power      Damage    Failure   Level
 Blink                    Tloc           0%         N/A       94%         2
 Lesser Beckoning         Tloc           0%         N/A       94%         2
 Mercury Vapours          Alch/Air       0%         N/A       94%         2
 Momentum Strike          Conj/Tloc      0%         3d8       94%         2
 Mephitic Cloud           Conj/Alch/Air  0%         N/A       99%         3
 Freezing Cloud           Conj/Ice/Air   0%         6-21      100%        5


Dungeon Overview and Level Annotations

Branches:
Dungeon (4/15)
 Temple: D:4-7

Altars:
Cheibriados
Okawaru
Wu Jian


Innate Abilities, Weirdness & Mutations

You have a pair of antennae on your head.
You sometimes gain a little power by taking damage.


Message History

The gnoll bouda hits you with a +0 whip.
You block the gnoll bouda's attack.
You hit the gnoll bouda.
The gnoll bouda is heavily wounded.
The gnoll bouda hits you with a +0 whip.
* * * LOW HITPOINT WARNING * * *
You barely miss the gnoll bouda.
The gnoll bouda is heavily wounded.
The gnoll bouda barely misses you.
You slash the gnoll bouda!
The gnoll bouda is almost dead.
The gnoll bouda closely misses you.
The gnoll bouda hits you with a +0 whip.
* * * LOW HITPOINT WARNING * * *
You hit the gnoll bouda but do no damage.
The gnoll bouda is almost dead.
The gnoll bouda prays to its god.
The gnoll bouda is healed somewhat.
You hit the gnoll bouda.
The gnoll bouda is severely wounded.
The gnoll bouda hits you but does no damage.
You barely miss the gnoll bouda.
The gnoll bouda is severely wounded.
The gnoll bouda hits you with a +0 whip!
* * * LOW HITPOINT WARNING * * *
You hit the gnoll bouda.
The gnoll bouda is severely wounded.
The gnoll bouda hits you but does no damage.
The gnoll bouda prays to its god.
The gnoll bouda is healed somewhat.
You hit the gnoll bouda but do no damage.
The gnoll bouda is heavily wounded.
You block the gnoll bouda's attack.
You barely miss the gnoll bouda.
The gnoll bouda is heavily wounded.
The gnoll bouda closely misses you.
You hit the gnoll bouda but do no damage.
The gnoll bouda is heavily wounded.
The gnoll bouda hits you with a +0 whip.
You die...

...... .. #ß..ß#
..# .. ##....##..#
.. #......##.# {#.
#$$$$# #.# #
#.##########.#
#.#.#⌠......⌠#.#
#..g#.†_.._..#.###
#..@⌠......⌠)†..#
#..#........#...#
#..##########...#
#...............#
#########.......#
#.......#
#.......#
#.......#
#.......#


You could see a gnoll bouda.

Vanquished Creatures
  A scorpion (D:4)
  An orc priest (D:3)
  An iguana (D:4)
  An orc wizard (D:3)
  2 adders
  2 ribbon worms (D:2)
  5 orcs
  2 ball pythons
  6 bats
  6 endoplasms
  3 giant cockroaches
  4 goblins
  8 hobgoblins
  2 jackals (D:2)
  2 quokkas
  A frilled lizard (D:1)
  5 kobolds
  4 rats
56 creatures vanquished.

Notes
Turn   | Place    | Note
-------+----------+-------------------------------------------
     0 | D:1      | Orlauf the Demonspawn Gladiator began the quest for the
                  | Orb.
     0 | D:1      | Reached XP level 1. HP: 16/16 MP: 1/1
    68 | D:1      | Gained mutation: You have a pair of small antennae on your
                  | head. [demonic ancestry]
    68 | D:1      | Reached XP level 2. HP: 21/23 MP: 2/2
   388 | D:1      | You fall into a shaft and drop 1 floor!
   718 | D:2      | Reached skill level 3 in Fighting
   748 | D:2      | Reached XP level 3. HP: 23/29 MP: 3/3
  1129 | D:2      | Found a snail-covered altar of Cheibriados.
  1462 | D:3      | Gained mutation: You have a pair of antennae on your head.
                  | [demonic ancestry]
  1462 | D:3      | Reached XP level 4. HP: 30/37 MP: 4/4
  1466 | D:3      | Reached skill level 4 in Fighting
  1768 | D:4      | Identified the +0 cloak "Pomotz" {Dex+3 SInv}
  1815 | D:4      | Gained mutation: You sometimes gain a little power by
                  | taking damage. [demonic ancestry]
  1815 | D:4      | Reached XP level 5. HP: 16/43 MP: 5/5
  1946 | D:4      | Found an ornate altar of the Wu Jian Council.
  1946 | D:4      | Found an iron altar of Okawaru.
  1968 | D:4      | Reached skill level 5 in Fighting
  1997 | D:4      | HP: 1/44 [gnoll bouda/+0 whip (8)]
  2001 | D:4      | Slain by a gnoll bouda

Illustrated notes

Levels and vault maps discovered:
D:1:      scummos_arrival_star, layout_basic, minivault_19
D:2:      layout_basic, basic_altar, ebering_dispersal_statue_hall
D:3:      minmay_spotlight, layout_rooms
D:4:      layout_rooms, jmf_multi_god_temple, grunt_ministairs_10,
          minmay_misc_feat_nine_boxes

Skill      XL: |  1  2  3  4  5 |
---------------+----------------+-----
Axes           | 3 4 |  4.0
Fighting       | 3 4 5 |  5.0
Throwing       | |  1.7
Dodging        | |  2.6

Action                     |  1- 3 |  4- 6 || total
---------------------------+-------+-------++-------
  Melee: War axe           |    86 |    66 ||   152
  Throw: Throwing net      |       |     3 ||     3
    Use: Scroll            |     2 |     2 ||     4
         Potion            |       |     2 ||     2
   Stab: Held in net/web   |       |     2 ||     2
 Armour: Leather armour    |    16 |       ||    16
         Ring mail         |    29 |       ||    29
         Scale mail        |     9 |    54 ||    63
         Chain mail        |     1 |       ||     1
  Dodge: Dodged            |    57 |    37 ||    94
  Block: Other             |     2 |    17 ||    19

Table legend: (Time is in decaauts)
 A = Elapsed time spent in this place.
 B = Non-inter-level travel time spent in this place.
 C = Inter-level travel time spent in this place.
 D = Time resting spent in this place.
 E = Time spent auto-exploring this place.
 F = Levels seen in this place.
 G = Mean time per level.
                   A        B        C        D        E       F      G
               +--------+--------+--------+--------+--------+-----+--------+
         Total |   2051 |   1982 |     69 |      9 |   1504 |   4 |  512.8 |
       Dungeon |   2051 |   1982 |     69 |      9 |   1504 |   4 |  512.8 |
               +--------+--------+--------+--------+--------+-----+--------+

Top non-repeatable levels by time:
     D:1: 650 daAuts
     D:2: 590 daAuts
     D:3: 558 daAuts
     D:4: 251 daAuts
